Unix NetHack Version 3.7.0-62 Work-in-progress - last build Sep 11 2022 12:50:24 (50a4e0875b74f16bdbec0d79e29a59bb940978ed,branch:master). Game began 2022-09-13 17:08:28, ended 2022-09-13 18:49:12. rootkit, chaotic male orcish Rogue ------------ ....[...|... ) .....@%.. . # ..h-----..--- # ....|.....| # ..|.....| # .......| # .....| # .).)| # ...| # .-| # ^.| *. .| .. Rootkit the Rogue St:12 Dx:18 Co:14 In:16 Wi:9 Ch:8 Chaotic S:5084 Dlvl:12 $:454 HP:0(43) Pw:19(19) AC:10 Xp:7/1010 T:6558 Hungry Latest messages: The wolf misses! You hit the wolf. The wolf misses! v - an uncursed pick-axe (weapon in hand). K - an uncursed elven dagger (weapon in hand). v - an uncursed pick-axe (alternate weapon; not wielded). The wolf bites! You hit the wolf. The wolf misses! You hit the wolf. The wolf bites! You kill the wolf! You try to feel what is lying here on the floor. You feel here a +0 orcish dagger. f - a +0 orcish dagger (at the ready) (12 in total). You were wearing an uncursed blindfold. You can see again. You hit the fog cloud! You hit the fog cloud. You hit the fog cloud! The fog cloud lunges forward and recoils! You destroy the fog cloud! You step onto a polymorph trap! You feel a change coming over you. You turn into a brown mold! Your armor falls around you! You can't even move a handspan with this load! You shrink out of your cloak! Your helm falls to the floor! Your boots are pushed off your feet! You find you must drop your dagger! You are hit. The hobbit hits! The hobbit hits! The hobbit is suddenly very cold! The hobbit dies! The dwarf king hits! You return to orcish form! You can see again. Your movements are now unencumbered. The dwarf king thrusts his dagger. The dwarf king hits! The dwarf king thrusts his dagger. The dwarf king hits! The dwarf king thrusts his dagger. The dwarf king hits! The dwarf king thrusts his dagger. The dwarf king hits! You die... Do you want your possessions identified? [ynq] (y) q Inventory: Coins $ - 454 gold pieces Weapons f - 12 +0 orcish daggers (at the ready) Comestibles D - 2 uncursed carrots R - an uncursed food ration Potions e - a blessed potion of levitation Z - an uncursed potion of levitation Tools b - an uncursed sack containing 16 items g - an uncursed blindfold k - an uncursed lock pick O - a cursed magic lamp (lit) v - a +0 pick-axe (alternate weapon; not wielded) Gems/Stones u - an uncursed luckstone Contents of the sack: an uncursed +0 helm of opposite alignment an uncursed +0 pair of water walking boots an uncursed +0 mummy wrapping an uncursed scroll of enchant armor an uncursed scroll of amnesia 2 uncursed worthless pieces of black glass 2 uncursed worthless pieces of blue glass an uncursed worthless piece of orange glass an uncursed worthless piece of white glass 2 uncursed worthless pieces of white glass 2 uncursed worthless pieces of yellow glass 2 uncursed amber stones 2 uncursed amethyst stones 2 uncursed diamonds 3 uncursed emeralds 3 uncursed rubies Rootkit the Rogue's attributes: Background: You were a Rogue, level 7 male orc. You were chaotic, on a mission for Kos who was opposed by Issek (lawful) and Mog (neutral). You were in the Gnomish Mines, on level 12. You entered the dungeon 6558 turns ago. You had 1010 experience points, 270 more were needed to attain level 8. Your score was 5084 before end-of-game adjustments. Basics: You had 0 out of 43 hit points. You had all 19 energy points (spell power). Your armor class was 10. Your wallet contained 454 zorkmids. Autopickup was off. Final Characteristics: Your strength was 12 (limit:18/50). Your dexterity was 18 (limit:18). Your constitution was 14 (limit:18). Your intelligence was 16 (limit:16). Your wisdom was 9 (limit:16). Your charisma was 8 (limit:16). Final Status: You were hungry. You were unencumbered. You were bare handed. You were unskilled in bare handed combat. You were not wearing any armor. Final Attributes: You were piously aligned. You were poison resistant. You were telepathic. You had infravision. You were stealthy. You were lucky. You had extra luck. Bad luck did not time out for you. Good luck did not time out for you. You are dead. Miscellaneous: You never encountered a bones level. Total elapsed playing time was 1 hour, 40 minutes and 43 seconds. Major events: Turn 1: rootkit the chaotic male orcish Rogue entered the dungeon 1147: attained the rank of Cutpurse (level 3) 2172: entered the Gnomish Mines 4582: reached Mine Town 4643: attained the rank of Rogue (level 6) 6484: acquired the Mines' End luckstone 6558: killed by a dwarf king Vanquished creatures: a warhorse a wolf an orc mummy a dwarf mummy a dwarf leader a blue jelly a dust vortex an imp 2 rock piercers a fog cloud a yellow light a shrieker 7 gnome leaders 3 gnomish wizards a gray ooze 2 elf zombies a straw golem 3 floating eyes a kitten 9 dwarves a kobold leader a kobold shaman 6 rothes 5 orc zombies 2 dwarf zombies a wererat 2 iguanas an acid blob 2 coyotes 3 gas spores 2 hobbits 3 manes a large kobold 2 cave spiders a brown mold 3 yellow molds a red mold 37 gnomes 2 gnome zombies 3 geckos 4 jackals a fox a kobold 2 goblins 7 sewer rats 5 grid bugs a bat 3 lichens 4 newts 147 creatures vanquished. No species were genocided or became extinct. Voluntary challenges: You read items or engraved 3 times. You never engraved Elbereth. You never genocided any monsters. You never polymorphed an object. You used no wishes. Achievements: You attained the rank of Cutpurse. You entered the Gnomish Mines. You entered a shop. You entered Minetown. You attained the rank of Rogue. You entered a temple. You completed the Gnomish Mines. The Dungeons of Doom: levels 1 to 5 Level 1: A grave. Level 2: A fountain, a sink. Level 3: A fountain. Stairs down to The Gnomish Mines. Level 4: An altar, some fountains. Level 5: An armor shop. The Gnomish Mines: levels 4 to 12 Level 4: Level 5: Level 6: Level 7: Many shops, a temple to Kos, some fountains, some trees. Level 8: Level 9: Level 10: Level 11: Level 12: <- You were here. Final resting place for you, killed by a dwarf king. Game over: ---------- / \ / REST \ / IN \ / PEACE \ / \ | rootkit | | 454 Au | | killed by a | | dwarf king | | | | | | 2022 | *| * * * | * _________)/\\_//(\/(/\)/\//\/|_)_______ Goodbye rootkit the Rogue... You died in The Gnomish Mines on dungeon level 12 with 5039 points, and 454 pieces of gold, after 6558 moves. You were level 7 with a maximum of 43 hit points when you died.